 Dungeon Crawl Stone Soup version 0.22.1-1-ga44c0e5 (console) character file.

28 raymoo the Digger (level 3, -5/19 HPs)
             Began as a Gargoyle Earth Elementalist on Oct 4, 2018.
             Slain by Crazy Yiuf
             ... wielding a +4 quarterstaff of chaos
              (16 damage)
             ... on level 2 of the Dungeon.
             The game lasted 00:04:37 (1212 turns).

raymoo the Digger (Gargoyle Earth Elementalist)     Turns: 1212, Time: 00:04:37

Health: -5/19      AC:  5    Str: 11    XL:     3   Next: 12%
Magic:  0/7        EV: 12    Int: 16    God:
Gold:   67         SH:  0    Dex: 10    Spells: 3/7 levels left

rFire    + . .     SeeInvis .   n - +0 mace
rCold    + . .     Gourm    .   (no shield)
rNeg     + . .     Faith    .   c - +0 robe
rPois    ∞         Spirit   .   (no helmet)
rElec    +         Reflect  .   m - scarf {rC+ rF+}
rCorr    .         Harm     .   (no gloves)
MR       .....                  (no boots)
Stlth    ++........             (no amulet)
HPRegen  0.06/turn              (no ring)
MPRegen  0.10/turn              (no ring)

@: no status effects
A: negative energy resistance 1, electricity resistance, unbreathing,
petrification resistance, rot immunity, AC +3
a: no special abilities


You were on level 2 of the Dungeon.
You were not hungry.

You visited 1 branch of the dungeon, and saw 2 of its levels.

You collected 67 gold pieces.

Inventory:

Hand Weapons
 n - a +0 mace (weapon)
Missiles
 b - 79 stones (quivered)
Armour
 c - a +0 robe (worn)
 m - a scarf of resistance (worn)
Scrolls
 a - a scroll of enchant armour {unknown}
Potions
 i - a potion of heal wounds {unknown}
 k - 2 potions of mutation {unknown}
 l - a potion of berserk rage {unknown}
Comestibles
 d - 3 rations


   Skills:
 - Level 1.5 Dodging
 - Level 2.1 Stealth
 + Level 2.7 Spellcasting
 + Level 0.0 Conjurations
   Level 0.7 Transmutations
 + Level 4.4 Earth Magic


You had 3 spell levels left.
You knew the following spells:

 Your Spells              Type           Power        Failure   Level  Hunger
a - Sandblast             Erth           ###...       3%          1    #......
b - Stone Arrow           Conj/Erth      #.....       24%         3    ###....

Your spell library contained the following spells:

 Spells                   Type           Power        Failure   Level  Hunger
 Passwall                 Tmut/Erth      ##......     10%         2    ##.....
 Petrify                  Tmut/Erth      ##......     54%         4    #####..
 Lee's Rapid Deconstruct  Erth           ###.......   65%         5    ######.


Dungeon Overview and Level Annotations

Branches:
Dungeon (2/15)

Altars:

Annotations:
D:2 Crazy Yiuf


Innate Abilities, Weirdness & Mutations

You are resistant to torment.
Your stone body is resilient. (AC +3)
You are immune to poison.
You resist negative energy. (rN+)
You are resistant to electric shocks. (rElec)
You can survive without breathing.
You are immune to petrification.
You are immune to rotting.


Message History

Casting: Stone Arrow (safe; 24% risk of failure)
Confirm with . or Enter, or press ? or * to list all spells.
Aiming: Sandblast (safe; 3% risk of failure)
Press: ? - help, Shift-Dir - straight line, f/p - Crazy Yiuf
Aim: Crazy Yiuf, wielding a quarterstaff of chaos and wearing a cloak (heavily The blast of sand misses Crazy Yiuf.
b - 79 stones Crazy Yiuf hits you with a quarterstaff of chaos.
You sock Crazy Yiuf!
Crazy Yiuf is almost dead.
Crazy Yiuf hits you with a quarterstaff of chaos.
You barely miss Crazy Yiuf.
Crazy Yiuf is almost dead.
Crazy Yiuf whimpers, "Orb!"
Crazy Yiuf closely misses you.
You closely miss Crazy Yiuf.
Crazy Yiuf is almost dead.
Crazy Yiuf hits you with a quarterstaff of chaos!
Ouch! That really hurt!
You die...

... ######.. ..##....
.....# .....# <....#
.....# .#...##########
.........#).#.### ###
######.......#..##...#
#......####@g...#
##..#.## ###..)#
###### ###


You could see Crazy Yiuf.

Vanquished Creatures
  An adder (D:2)
  A dart slug (D:1)
  3 bats (D:1)
  A giant cockroach (D:1)
  2 hobgoblins (D:1)
  A ball python (D:1)
  2 frilled lizards
  4 goblins
  A kobold (D:1)
  A rat (D:1)
17 creatures vanquished.

Notes
Turn   | Place    | Note
-------+----------+-------------------------------------------
     0 | D:1      | raymoo the Gargoyle Earth Elementalist began the quest for
                  | the Orb.
     0 | D:1      | Reached XP level 1. HP: 10/10 MP: 3/3
   248 | D:1      | Reached skill level 4 in Earth Magic
   248 | D:1      | Reached XP level 2. HP: 14/15 MP: 5/5
   913 | D:2      | Reached XP level 3. HP: 4/19 MP: 1/7
   918 | D:2      | Learned a level 3 spell: Stone Arrow
  1202 | D:2      | Found a runed door.
  1206 | D:2      | Noticed Crazy Yiuf
  1212 | D:2      | Slain by Crazy Yiuf

Skill      XL: |  1 |
---------------+----+-----
Earth Magic    | 4 |  4.4
Dodging        | |  1.5
Stealth        | |  2.1
Spellcasting   | |  2.7
Transmutations | |  0.7

Action                   || total
-------------------------++-------
Melee: Spear             ||    21
       Club              ||     7
       Unarmed           ||     5
       Mace              ||    16
 Cast: Sandblast         ||     9
       Stone Arrow       ||     2
 Stab: Sleeping          ||     3
  Eat: Chunk             ||     1
Armor: Robe              ||    12
Dodge: Dodged            ||    32
